 Dungeon Crawl Stone Soup version 0.20-a0-1015-g2ec8a95 (webtiles) character file.

146357 Monsterracer the Bludgeoner (level 16, -11/174 HPs)
             Began as a Minotaur Fighter on Apr 15, 2017.
             Was a Priest of Ru.
             Mangled by Polyphemus (30 damage)
             ... on level 2 of the Shoals.
             The game lasted 01:29:07 (31481 turns).

Monsterracer the Bludgeoner (Minotaur Fighter)     Turns: 31481, Time: 01:29:08

Health: -11/174    AC: 28    Str: 23    XL:     16   Next: 89%
Magic:  15/15      EV:  7    Int:  5    God:    Ru [***...]
Gold:   1515       SH:  0    Dex: 18    Spells: 15/15 levels left

rFire    + + .     SeeInvis +   C - +0 great mace (flame)
rCold    . . .     Gourm    .   (shield currently unavailable)
rNeg     . . .     Faith    .   h - +3 plate armour
rPois    .         Spirit   .   x - +2 hat {SInv}
rElec    .         Reflect  .   m - +2 cloak
rCorr    +         Harm     .   E - +0 pair of fencer's gloves {+Riposte Dex+3}
MR       ++...                  J - +2 pair of boots {Fly}
Stlth    ..........             (no amulet)
Regen    0.4/turn               r - ring of protection from magic
MPRegen  0.2/turn               i - ring of resist corrosion

@: exhausted, about to teleport, flying, held, glowing, drained
A: retaliatory headbutt, horns 2, fire resistance 2, robust 1, wild magic 1, no
stealth, inability to use devices
a: Draw Out Power, Renounce Religion


You were on level 2 of the Shoals.
You worshipped Ru.
Ru was most pleased with you.
You were near starving.

You visited 5 branches of the dungeon, and saw 26 of its levels.
You also visited: Bailey and Volcano.

You collected 3287 gold pieces.
You spent 1772 gold pieces at shops.

Inventory:

Hand Weapons
 C - a +0 great mace of flaming (weapon)
Armour
 c - a +0 shield
 h - a +3 plate armour (worn)
 m - a +2 cloak (worn)
 x - a +2 hat of see invisible (worn)
 E - the +0 pair of fencer's gloves (worn) {+Riposte Dex+3}
   (You bought it in a shop on level 2 of the Orcish Mines)

   It affects your dexterity (+3).
 J - a +2 pair of boots of flying (worn)
Jewellery
 i - a ring of resist corrosion (right hand)
 p - an uncursed ring of see invisible
 r - a ring of protection from magic (left hand)
 t - a +4 ring of strength
 u - an uncursed ring of positive energy
 H - an uncursed ring of ice
Scrolls
 d - 5 scrolls of remove curse
 n - 9 scrolls of identify
 s - 4 scrolls of teleportation
 y - 4 scrolls of enchant weapon
 z - a scroll of fear
 A - a scroll of holy word
 F - 2 scrolls of enchant armour
 G - a scroll of fog
Potions
 b - a potion of cancellation
 e - 3 potions of might
 g - 2 potions of invisibility
 k - 8 potions of heal wounds
 o - 10 potions of curing
 q - 4 potions of magic
 v - 3 potions of mutation
 w - a potion of flight
 D - 3 potions of haste
 I - 2 potions of resistance
Comestibles
 a - 13 royal jellies
 f - 13 bread rations
 j - 9 fruits
 l - 7 meat rations


   Skills:
 * Level 18.8(18.3) Fighting
 - Level 20.0(19.5) Maces & Flails
 + Level 12.2(11.7) Armour
 + Level 12.3(11.9) Dodging
 - Level 10.4(10.0) Shields


You had 15 spell levels left.
You didn't know any spells.

Dungeon Overview and Level Annotations

Branches:
Dungeon (15/15)            Temple (1/1) D:5            Lair (6/6) D:9
 Shoals (2/4) Lair:2        Snake (0/4) Lair:3        Slime (0/5) Lair:5
    Orc (2/2) D:12            Elf (0/3) Orc:2        Vaults (0/5) D:14
 Depths (0/5) D:15

Altars:
Ashenzari
Cheibriados
Dithmenos
Elyvilon
Fedhas
Gozag
Hepliaklqana
Kikubaaqudgha
Makhleb
Nemelex Xobeh
Okawaru
Qazlal
Ru
Sif Muna
Trog
Uskayaw
Vehumet
Wu Jian
Xom
Yredelemnul
Zin
The Shining One
Beogh

Shops:
D:5 :   D:11 *   D:14 *   Orc:1 *   Orc:2 *[[%   Shoals:1 %

Portals:
Hell: Lair:6

Annotations:
Lair:4 exclusion: 5 oklob plants
Lair:6 exclusion: 4 oklob plants
Shoals:2 Polyphemus


Innate Abilities, Weirdness & Mutations

You reflexively headbutt those who attack you in melee.
You have a pair of horns on your head.
You cannot be stealthy.
You cannot study or use magical devices.
Your flesh is very heat resistant. (rF++)
You are robust. (+10% HP)
Your spells are a little harder to cast, but a little more powerful.


Message History

Polyphemus hits you!
* * * LOW HITPOINT WARNING * * *
A merfolk comes into view. It is wielding a trident.
The merfolk hits you from afar with a spear.
* * * LOW HITPOINT WARNING * * *
The faun shoots a stone.
The stone hits you!
* * * LOW HITPOINT WARNING * * *
The merfolk throws a throwing net.
The throwing net hits you.
You become entangled in the net!
Polyphemus is stunned by your will and fails to attack.
Things that are here:
a throwing net; a stone
As you read the scroll of teleportation, it crumbles to dust.
You feel strangely unstable.
The merfolk hits you but does no damage.
The water nymph touches you. The water nymph drowns you!
* * * LOW HITPOINT WARNING * * *
The death yak gores you but does no damage.
Polyphemus hits you!!
You die...

≈<.....≈#
≈)≈....≈# ..
≈≈≈≈...≈## #m≈
P≈≈≈...≈≈#####≈≈≈
P≈≈≈....≈≈≈≈≈≈≈≈.
≈≈≈...Y..........
≈≈≈...>c≈(≈......
≈≈≈....mYm≈......
≈≈≈.....C@≈..≈≈..
≈≈≈≈....H....≈≈..
≈≈≈≈≈!......≈≈≈≈≈
≈≈≈≈≈≈≈..(≈.≈≈≈≈≈
P≈≈≈≈.≈≈≈≈≈≈≈≈≈≈≈
≈≈≈≈≈≈≈≈≈≈≈≈≈≈≈≈≈
≈≈≈≈≈≈≈≈≈≈≈≈≈≈≈
≈≈≈≈≈≈≈≈..≈≈≈≈≈


You could see Polyphemus, a death yak, a catoblepas, 2 merfolk, a faun, a
manticore and a water nymph (blind).

Vanquished Creatures
  A kraken (Shoals:1)
  Gastronok (D:8)
  A very ugly thing (D:14)
  Nessos (Lair:6)
  A dire elephant (Lair:6)
  A great orb of eyes (D:15)
  A rakshasa (D:15)
  Harold (D:12)
  A vault guard (D:14)
  11 hydras
  A merfolk avatar (Shoals:1)
  2 ogre magi
  6 centaur warriors
  16 two-headed ogres
  3 death yaks (Shoals:1)
  6 orc high priests
  A tengu warrior (D:13)
  A sixfirhy (Lair:6)
  2 sea snakes (Shoals:1)
  An unseen horror (D:14)
  A death drake (shapeshifter) (D:15)
  3 lindwurms
  A deep elf archer (D:14)
  2 orc knights (Orc:1)
  2 wizards
  A wolf spider zombie (D:15)
  2 necromancers (D:14)
  2 fauns (Shoals:1)
  6 ugly things
  2 deep elf magi (D:15)
  3 oklob plants (D:12)
  3 orc sorcerers
  4 manticores
  3 merfolk sirens
  4 elephants (Lair:5)
  7 black mambas
  Psyche (D:12)
  4 centaur zombies
  2 molten gargoyles
  3 orange demons (Lair:6)
  13 spiny frogs
  3 gargoyles
  2 kobold demonologists (D:14)
  9 rime drakes
  10 komodo dragons
  An ice devil (Lair:6)
  2 tengu conjurers (D:13)
  A hellwing (Lair:6)
  A freezing wraith (D:14)
  5 efreet
  7 trolls
  A red devil (Lair:6)
  4 merfolk
  A polar bear (Lair:4)
  A hornet (D:12)
  A hornet (shapeshifter) (D:14)
  A harpy skeleton (D:14)
  A dream sheep (Lair:6)
  20 blink frogs
  9 hippogriffs
  4 snapping turtles (Shoals:1)
  Sigmund (D:4)
  A centaur simulacrum (D:14)
  A water elemental (Shoals:1)
  7 wyverns
  60 yaks
  A wraith (D:12)
  4 fire elementals (Volcano)
  19 humans (D:14)
  Eustachio (D:4)
  A basilisk (D:13)
  2 hungry ghosts
  A redback simulacrum (D:15)
  2 vampire mosquitoes (D:13)
  A steam dragon (D:13)
  7 wargs
  4 nagas (Lair:3)
  2 acid dragons
  15 water moccasins
  A soldier ant (D:11)
  Edmund (D:5)
  4 hell hounds (Lair:6)
  7 porcupines
  5 sky beasts
  27 orc warriors
  A hornet zombie (D:14)
  4 ice beasts
  4 phantoms
  5 centaurs
  2 necrophages
  17 ogres
  5 big kobolds
  17 crocodiles
  6 wolves (Lair:6)
  5 earth elementals (Volcano)
  18 bullfrogs
  5 gnoll sergeants
  A water moccasin zombie (D:9)
  3 scorpions
  11 killer bees
  9 wights (D:15)
  8 howler monkeys
  7 crimson imps
  A lava snake (Lair:1)
  5 hounds
  41 orc priests
  19 jellies
  A bullfrog skeleton (D:7)
  22 orc wizards
  4 iguanas
  5 worker ants
  A killer bee zombie (D:8)
  Robin (D:4)
  A worker ant zombie (D:11)
  26 gnolls
  6 adders
  3 shadow imps
  7 oozes
  2 adder zombies
  An adder skeleton (D:7)
  3 worms
  4 dart slugs
  5 leopard geckos
  120 orcs
  7 giant cockroaches
  24 goblins
  18 hobgoblins
  15 jackals
  20 kobolds
  4 quokkas
  8 bats
  8 frilled lizards
  13 rats
  2 rat zombies (D:8)
  A butterfly (Lair:1)
  2 plants (Shoals:1)
  2 tentacles (Shoals:1)
917 creatures vanquished.

Vanquished Creatures (others)
  A hydra (Lair:6)
  A two-headed ogre (D:15)
  A manticore (Shoals:1)
  A hungry ghost (D:15)
  A crocodile (Lair:6)
  A gnoll (D:12)
  3 goblins (D:4)
  A bush (Lair:5)
  2 fire vortices (Volcano)
  15 fungi
  8 plants
  5 tentacles (Shoals:1)
40 creatures vanquished.

Grand Total: 957 creatures vanquished

Notes
Turn   | Place    | Note
-------+----------+-------------------------------------------
     0 | D:1      | Monsterracer the Minotaur Fighter began the quest for the Orb.
     0 | D:1      | Reached XP level 1. HP: 19/19 MP: 0/0
    22 | D:1      | Reached skill level 3 in Maces & Flails
    60 | D:1      | Reached XP level 2. HP: 26/26 MP: 1/1
    99 | D:1      | Reached skill level 4 in Maces & Flails
   303 | D:1      | Reached XP level 3. HP: 31/31 MP: 2/2
   688 | D:2      | Gained mutation: Armour fits poorly on your strangely shaped body. [potion of mutation]
   688 | D:2      | Gained mutation: Your natural rate of healing is unusually fast. [potion of mutation]
   719 | D:2      | Reached skill level 5 in Maces & Flails
   924 | D:2      | Found an ornate altar of the Wu Jian Council.
   958 | D:2      | Reached XP level 4. HP: 33/39 MP: 3/3
  1434 | D:2      | Reached skill level 6 in Maces & Flails
  1694 | D:3      | Lost intelligence.
  1746 | D:3      | Found a bloodstained altar of Trog.
  1922 | D:3      | Reached XP level 5. HP: 32/45 MP: 4/4
  2336 | D:3      | Found a stormy altar of Qazlal.
  2510 | D:3      | Found a shimmering altar of Xom.
  2522 | D:3      | Found a shimmering altar of Xom.
  2523 | D:3      | Found a shimmering altar of Xom.
  2523 | D:3      | Found a shimmering altar of Xom.
  2523 | D:3      | Found a shimmering altar of Xom.
  2523 | D:3      | Found a shimmering altar of Xom.
  2523 | D:3      | Found a shimmering altar of Xom.
  2981 | D:3      | You fall through a shaft!
  2981 | D:4      | Noticed Sigmund
  2993 | D:4      | Killed Sigmund
  2993 | D:4      | Reached skill level 8 in Maces & Flails
  2993 | D:4      | Reached XP level 6. HP: 39/51 MP: 5/5
  3146 | D:4      | Noticed Robin
  3166 | D:4      | Killed Robin
  3402 | D:4      | Found a burning altar of Makhleb.
  3738 | D:4      | Noticed Eustachio
  3748 | D:4      | Reached skill level 9 in Maces & Flails
  3819 | D:4      | Killed Eustachio
  3819 | D:4      | Reached XP level 7. HP: 43/57 MP: 6/6
  4105 | D:5      | Entered Level 5 of the Dungeon
  4111 | D:5      | Noticed Edmund
  4120 | D:5      | Killed Edmund
  4120 | D:5      | Reached skill level 1 in Dodging
  4159 | D:5      | Found Zazetebb's Book Shop.
  4406 | D:5      | Reached skill level 10 in Maces & Flails
  4519 | D:5      | Reached XP level 8. HP: 56/67 MP: 7/7
  4595 | D:5      | Found a staircase to the Ecumenical Temple.
  4599 | D:5      | Got a coiled gossamer ring
  4601 | D:5      | Identified the cursed ring "Qovuvvog" {EV-3 Dex+4} (You found it on level 5 of the Dungeon)
  4610 | Temple   | Entered the Ecumenical Temple
  4644 | Temple   | Became a worshipper of Ru the Awakened
  4964 | D:5      | Reached skill level 5 in Shields
  5038 | D:5      | Reached skill level 5 in Fighting
  5526 | D:6      | Reached skill level 11 in Maces & Flails
  5874 | D:6      | Reached XP level 9. HP: 73/75 MP: 8/8
  6394 | D:7      | Found a deep blue altar of Sif Muna.
  6405 | D:7      | Gained mutation: You cannot be stealthy. [Ru sacrifice]
  6406 | D:7      | Found a hazy altar of Hepliaklqana.
  6510 | D:7      | Found a snail-covered altar of Cheibriados.
  6678 | D:7      | Found a hide-covered altar of Uskayaw.
  6902 | D:8      | Reached skill level 12 in Maces & Flails
  7003 | D:8      | Reached skill level 5 in Dodging
  7080 | D:8      | Noticed a two-headed ogre
  7096 | D:8      | Killed a two-headed ogre
  7184 | D:8      | Noticed Gastronok
  7202 | D:8      | Killed Gastronok
  7202 | D:8      | Reached XP level 10. HP: 36/92 MP: 9/9
  7378 | D:7      | Found a shadowy altar of Dithmenos.
  7386 | D:7      | Found a shimmering altar of Xom.
  7474 | D:7      | Reached skill level 10 in Fighting
  7512 | D:7      | Found a blossoming altar of Fedhas.
  7900 | D:8      | Found an ancient bone altar of Kikubaaqudgha.
  8517 | D:9      | Found a staircase to the Lair.
  8611 | Lair:1   | Entered Level 1 of the Lair of Beasts
  8617 | Lair:1   | Noticed a molten gargoyle
  8634 | Lair:1   | Killed a molten gargoyle
  8634 | Lair:1   | Reached skill level 1 in Evocations
  8774 | Lair:1   | Reached XP level 11. HP: 91/102 MP: 11/11
  9835 | Lair:2   | Noticed an eight-headed hydra
  9845 | Lair:2   | Killed an eight-headed hydra
 10092 | Lair:2   | Reached skill level 10 in Shields
 10146 | Lair:2   | Found a dark tunnel.
 10151 | Volcano  | Entered a volcano
 10282 | Volcano  | Noticed a lindwurm
 10282 | Volcano  | Noticed a lindwurm
 10476 | Volcano  | Killed a lindwurm
 10480 | Volcano  | Killed a lindwurm
 11377 | Lair:2   | Found a staircase to the Shoals.
 11385 | Lair:2   | Reached XP level 12. HP: 115/115 MP: 13/13
 11853 | Lair:2   | Noticed a four-headed hydra
 11858 | Lair:2   | Killed a four-headed hydra
 12206 | Lair:3   | Reached skill level 13 in Maces & Flails
 12259 | Lair:3   | Found a staircase to the Snake Pit.
 12666 | Lair:3   | Noticed an eight-headed hydra
 12674 | Lair:3   | Killed an eight-headed hydra
 13198 | Lair:4   | Reached skill level 10 in Dodging
 13392 | Lair:4   | Reached skill level 14 in Maces & Flails
 14295 | Lair:5   | Reached XP level 13. HP: 94/125 MP: 14/14
 14385 | Lair:5   | Lost mutation: Armour fits poorly on your strangely shaped body. [potion of mutation]
 14385 | Lair:5   | Lost mutation: Your natural rate of healing is unusually fast. [potion of mutation]
 14385 | Lair:5   | Gained mutation: You possess an exceptional clarity of mind. [potion of mutation]
 14385 | Lair:5   | Gained mutation: Your flesh is heat resistant. (rF+) [potion of mutation]
 14385 | Lair:5   | Gained mutation: You evolve. [potion of mutation]
 14465 | Lair:5   | Gained mutation: You are robust. (+10% HP) [evolution]
 14703 | Lair:5   | Noticed Nessos
 14713 | Lair:5   | Found a staircase to the Slime Pits.
 14731 | Lair:5   | Identified a scroll of acquirement
 15140 | Lair:5   | Reached skill level 15 in Maces & Flails
 15410 | Lair:5   | Reached skill level 5 in Armour
 15940 | Lair:6   | Entered Level 6 of the Lair of Beasts
 16278 | Lair:6   | Reached skill level 15 in Fighting
 16648 | Lair:6   | Found a burning altar of Makhleb.
 16790 | Lair:6   | Gained mutation: You cannot study or use magical devices. [Ru sacrifice]
 16790 | Lair:6   | Reached * piety under Ru
 16790 | Lair:6   | Reached ** piety under Ru
 16790 | Lair:6   | Reached *** piety under Ru
 17492 | Lair:6   | Reached skill level 16 in Maces & Flails
 17716 | Lair:6   | Killed Nessos
 18358 | Lair:6   | Reached XP level 14. HP: 144/148 MP: 13/13
 18958 | Lair:6   | Found a gateway to Hell.
 19586 | Lair:2   | Lost mutation: You possess an exceptional clarity of mind. [evolution]
 19634 | D:10     | Entered Level 10 of the Dungeon
 20183 | D:10     | Found a roughly hewn altar of Beogh.
 20574 | D:11     | Found Onkung's Elemental Accessories.
 21666 | D:12     | Reached skill level 17 in Maces & Flails
 21689 | D:12     | Found a flagged portal.
 21696 | Bailey   | Entered a bailey
 21949 | Bailey   | Reached skill level 18 in Maces & Flails
 21949 | Bailey   | Reached XP level 15. HP: 151/157 MP: 14/14
 22008 | D:12     | Noticed Harold
 22023 | D:12     | Killed Harold
 22027 | D:12     | Noticed Psyche
 22044 | D:12     | Killed Psyche
 22443 | D:12     | Found a staircase to the Orcish Mines.
 22643 | Orc:1    | Entered Level 1 of the Orcish Mines
 22865 | Orc:2    | Entered Level 2 of the Orcish Mines
 23955 | Orc:1    | Gained mutation: Your flesh is very heat resistant. (rF++) [evolution]
 24695 | Orc:2    | Reached skill level 19 in Maces & Flails
 24948 | Orc:2    | Found Vipecing's General Store.
 24948 | Orc:2    | Found Omostruy's Antique Armour Emporium.
 24961 | Orc:2    | Bought a brightly glowing plate armour for 672 gold pieces
 24971 | Orc:2    | Identified the cursed +1 plate armour "Plog" {Int+3} (You bought it in a shop on level 2 of the Orcish Mines)
 24983 | Orc:2    | Bought the +0 pair of fencer's gloves {+Riposte Dex+3} for 960 gold pieces
 25003 | Orc:2    | Bought 2 potions of heal wounds for 140 gold pieces
 25020 | Orc:2    | Found a roughly hewn altar of Beogh.
 25029 | Orc:2    | Found Lusojyam's Armour Boutique.
 25029 | Orc:2    | Found Xiofra Qohas's Food Emporium.
 25056 | Orc:2    | Found a staircase to the Elven Halls.
 25927 | Orc:1    | Found Dieczeun's General Store.
 26618 | D:13     | Reached skill level 10 in Armour
 26799 | D:13     | Reached XP level 16. HP: 167/167 MP: 15/15
 27471 | D:14     | Found a gate to the Vaults.
 27774 | D:14     | Reached skill level 20 in Maces & Flails
 28343 | D:14     | Found Kuli's General Store.
 28459 | D:14     | Found a blossoming altar of Fedhas.
 28688 | D:15     | Entered Level 15 of the Dungeon
 28911 | D:15     | Found a staircase to the Depths.
 29152 | D:15     | Found a burning altar of Makhleb.
 30215 | Shoals:1 | Entered Level 1 of the Shoals
 30429 | Shoals:1 | Noticed a kraken
 30442 | Shoals:1 | Killed a kraken
 31025 | Shoals:1 | Found Goilegex's Food Shop.
 31240 | Shoals:1 | Gained mutation: Your spells are a little harder to cast, but a little more powerful. [evolution]
 31240 | Shoals:1 | Lost mutation: You evolve. [end of evolution]
 31265 | Shoals:2 | Noticed Polyphemus
 31481 | Shoals:2 | Mangled by Polyphemus

Vault maps used:
D:1:      dpeg_arrival_central
D:2:      lemuel_doored_altar, first_bread, minmay_split_cup_large
D:3:      lightli_temple_of_fire, overflow_temple_1_default,
          hangedman_decor_slide_cut, xom_redecorated
D:4:      marbit_many_paths, lemuel_flame_loot_1, uniq_eustachio, uniq_sigmund,
          uniq_robin
D:5:      temple_hall, serial_shops, shop_statue, uniq_edmund
D:6:      kennysheep_generic_room_12
D:7:      nicolae_dithmenos_through_a_glass_darkly,
          eat_drink_and_be_merry_uskayaw, kennysheep_mini,
          nicolae_overflow_quartered_altars
D:8:      lemuel_zombie_altar_kikubaaqudgha, uniq_gastronok
D:9:      lair_entry_dummy
D:10:     hangedman_little_slice_of_home
D:11:     nicolae_elemental_shop
D:12:     kennysheep_orc_monster_closet_entryway, enter_bailey_3,
          disabler_island, uniq_psyche, uniq_harold
D:14:     minmay_open_boxes_in_corner, grunt_vaults_entry_tiered, serial_shops,
          shop, basic_altar, st_stairs_3
D:15:     hangedman_depths_entry_try_elsewhere_first, basic_altar
Temple:   jpeg_temple_alley_garden
Lair:1:   st_stairs_12, hangedman_lair_unloving_vines, lemuel_fruit_fields
Lair:2:   minmay_shoals_entry_lonely_mermaid, enter_volcano_4
Lair:3:   minmay_snake_entry_guardpost_small, grunt_megastairs_2
Lair:4:   dpeg_oklob_1
Lair:5:   minmay_slime_entry_jelly_boxes, grunt_megastairs_5, uniq_nessos
Lair:6:   evil_forest, minmay_lair_oklob_chamber
Shoals:1: serial_shops, nicolae_shop_crystal
Shoals:2: nicolae_shoals_mertower, uniq_polyphemus
Orc:1:    serial_shops, shop_fountains
Orc:2:    st_orc_town
Bailey:   bailey_axe_2, bailey
Volcano:  volcano_aerie

Skill      XL: |  1  2  3  4  5  6  7  8  9 10 11 12 13 14 15 16 |
---------------+-------------------------------------------------+-----
Maces & Flails | 3 4 5 6 8 9 10 11 12 14 16 18 19 20 | 20.0
Fighting       | 4 5 9 11 13 14 15 16 18 | 18.8
Dodging        | 2 4 6 7 9 10 11 12 | 12.3
Shields        | 4 5 8 9 10 | 10.4
Evocations     | 1 3 0 |  0.0
Armour         | 4 7 8 10 12 | 12.2

Action                   |  1- 3 |  4- 6 |  7- 9 | 10-12 | 13-15 | 16-18 || total
-------------------------+-------+-------+-------+-------+-------+-------++-------
Melee: Flail             |   101 |   250 |   233 |   329 |       |       ||   913
       Headbutt          |    13 |    30 |    51 |   145 |   234 |   142 ||   615
       Great mace        |       |       |       |   221 |  1063 |   443 ||  1727
Invok: Sacrifice Stealth |       |       |     1 |       |       |       ||     1
       Reject Sacrifices |       |       |       |     1 |     2 |     1 ||     4
       Sacrifice Artific |       |       |       |       |     1 |       ||     1
       Draw Out Power    |       |       |       |       |       |     2 ||     2
 Abil: Evoke Berserk Rag |       |     1 |     9 |     9 |     4 |       ||    23
       Evoke Flight      |       |       |       |     1 |       |       ||     1
  Use: Potion            |     3 |     9 |     3 |     5 |     9 |     1 ||    30
       Scroll            |       |     6 |     4 |     5 |    15 |     8 ||    38
 Stab: Invisible         |     3 |       |       |       |     2 |     4 ||     9
       Sleeping          |       |       |     1 |       |       |       ||     1
       Distracted        |       |       |       |       |     3 |     2 ||     5
  Eat: Chunk             |       |    10 |    12 |    23 |    42 |    15 ||   102
       Meat ration       |       |       |     1 |       |       |       ||     1
       Fruit             |       |       |     4 |     1 |     1 |     1 ||     7
       Bread ration      |       |       |       |     1 |       |       ||     1
       Royal jelly       |       |       |       |     2 |     1 |       ||     3
Armor: Scale mail        |    21 |       |       |       |       |       ||    21
       Plate armour      |    20 |   204 |       |       |   479 |   211 ||   914
       Skin              |       |   106 |       |       |       |       ||   106
       Leather armour    |       |       |    48 |    46 |       |       ||    94
       Ring mail         |       |       |       |    74 |    53 |       ||   127
Dodge: Dodged            |    28 |    39 |    64 |   272 |   783 |   240 ||  1426
Block: Shield            |    38 |   196 |   101 |   139 |       |       ||   474
       Rpst.: Great mace |       |       |       |       |    17 |    69 ||    86
